[Event "CCT Chessable Masters Place D-II 2024"]
[Site "Online"]
[Date "2024.02.01"]
[Round "1"]
[White "Grischuk, Alexander"]
[Black "Sethu Madhav Upadhyayula"]
[Result "1-0"]
[ECO "D02"]
[WhiteElo "2732"]
[BlackElo "1502"]
[Annotator "RC"]
[PlyCount "191"]
[EventDate "2024.01.12"]
[EventType "k.o."]
[EventCountry "NET"]
[SourceTitle "playchess.com"]
[Source "ChessBase"]
[SourceQuality "1"]
[TimeControl "600+2"]

1. d4 d5 2. Nf3 Nf6 3. Bf4 e6 4. e3 c5 5. c3 Nc6 6. Nbd2 cxd4 7. exd4 Nh5 8. Be3 Bd6 9. Ne5 Nf6 10. f4 Qb6 11. a4 O-O 12. Qc2 Bd7 13. Bd3 Bxe5 14. a5 Qc7 15. fxe5 Ng4 16. Bf4 f5 17. O-O Nxa5 18. Nf3 Nc4 19. Qc1 Na5 20. h3 Nb3 21. Qd1 Nxa1 22. hxg4 fxg4 23. Ng5 h6 24. Nh7 Rf5 25. Bxf5 exf5 26. e6 Qc6 27. Nf6+ gxf6 28. exd7 Qxd7 29. Qxa1 h5 30. Qe1 Kg7 31. Bc1 Kg6 32. Qe3 Rh8 33. Re1 h4 34. Qe7 Qxe7 35. Rxe7 h3 36. Bf4 hxg2 37. Kxg2 Rh3 38. Bg3 b5 39. Rxa7 f4 40. Bxf4 Rf3 41. Bc1 Kf5 42. Re7 Rd3 43. Re1 b4 44. cxb4 Rxd4 45. b3 Rxb4 46. Re3 d4 47. Rg3 Ke5 48. Rxg4 Rxb3 49. Kf2 f5 50. Rg8 Rc3 51. Bd2 Rc2 52. Ke2 Rc6 53. Kd3 Ra6 54. Re8+ Kf6 55. Rd8 Ra3+ 56. Kxd4 Ra4+ 57. Kd3 Re4 58. Bc3+ Kf7 59. Ra8 Re6 60. Ra5 Kg6 61. Bd4 Re4 62. Ra8 Kg5 63. Rg8+ Kh6 64. Bc3 Kh7 65. Rg7+ Kh6 66. Rg1 Kh7 67. Bd2 Rg4 68. Rf1 Kg6 69. Be3 Rg3 70. Kd4 Rg4+ 71. Kd5 Re4 72. Bd4 Rg4 73. Ra1 f4 74. Ke4 f3+ 75. Kd3 Rf4 76. Bf2 Kf5 77. Ke3 Kg4 78. Rg1+ Kf5 79. Rb1 Re4+ 80. Kxf3 Rf4+ 81. Ke2 Rg4 82. Be3 Rg2+ 83. Kd3 Rg6 84. Rb5+ Ke6 85. Rb4 Kf5 86. Ke2 Ke6 87. Re4+ Kf7 88. Rd4 Rf6 89. Rh4 Kg6 90. Rh3 Rf5 91. Rg3+ Kf6 92. Rg2 Ke6 93. Bd4 Rf6 94. Kd3 Rf5 95. Be3 Rf3 96. Rg4 1-0

[Event "CCT Chessable Masters Place D-II 2024"]
[Site "Online"]
[Date "2024.02.01"]
[Round "1"]
[White "KuzubovYuriy"]
[Black "Micki-taryan"]
[Result "0-1"]
[ECO "D35"]
[WhiteElo "2701"]
[BlackElo "2623"]
[Annotator "TA"]
[PlyCount "88"]
[EventDate "2024.01.12"]
[EventType "k.o."]
[EventCountry "NET"]
[SourceTitle "playchess.com"]
[Source "ChessBase"]
[SourceQuality "1"]
[TimeControl "600+2"]

1. d4 Nf6 2. c4 e6 3. Nf3 d5 4. Nc3 Nbd7 5. cxd5 exd5 6. Bg5 c6 7. e3 Be7 8. Bd3 h6 9. Bf4 Nh5 {[%emt 0:00:09] D35: Queen's Gambit Declined: Exchange Variation.} 10. Qc2 Nxf4 11. exf4 Nf6 12. Ne5 O-O 13. O-O-O Bb4 $146 ({Predecessor:} 13... Bd7 14. f5 c5 15. dxc5 Bxc5 16. Kb1 Rc8 17. Nf3 Qb6 18. Rhf1 Bb4 19. Qb3 Bxc3 20. Qxb6 axb6 21. bxc3 Rxc3 {1-0 Krishna Teja,N (2340)-Joensson,J (2083) Rilton Cup 48th 2018 (1)}) 14. Kb1 Bxc3 15. Qxc3 Ne4 $1 16. Qc2 f6 (16... Qf6 $11) 17. Ng6 $14 Re8 18. f3 Nd6 19. Nh4 ({Better is} 19. g4 $14) 19... Be6 $11 20. g4 Bf7 21. Rhg1 Nc4 22. Bxc4 (22. Qc1 $14) 22... dxc4 $11 23. Qd2 (23. g5 $1 $11 {remains equal.} hxg5 (23... fxg5 24. fxg5 hxg5 25. Ng6 $15) 24. fxg5) 23... Qd5 $17 24. Rg2 (24. g5 $17 {keeps fighting.} c3 25. bxc3 Qb5+ 26. Qb2 Qxb2+ (26... fxg5 27. Qxb5 cxb5 28. fxg5 $14) 27. Kxb2 Re2+ 28. Kc1 fxg5 (28... Rxa2 29. gxh6 g6 30. Nxg6 $16) (28... Rxh2 29. gxf6 Rxh4 30. Rxg7+ Kf8 31. Rh7 $15) (28... Bxa2 $2 29. gxh6 g5 30. fxg5 $18) 29. fxg5 Rxh2 (29... Bxa2 $2 30. gxh6 Re7 31. Rd2 $18) 30. Nf5) 24... g6 $1 $19 25. g5 hxg5 26. fxg5 f5 $1 27. Rf2 Rad8 28. Ng2 {[%emt 0:00:18] [#]} c5 $1 29. dxc5 Qxc5 30. Qxd8 Qxf2 31. Qd2 Re2 ({Black should play} 31... Qxf3 $19 {White must now prevent ...Re2.} 32. Nf4 Re3 33. Qd8+ Kh7) 32. Qd8+ $15 Be8 (32... Re8 $2 33. Qd2 Qxf3 34. Re1 $19) 33. Qd5+ Bf7 (33... Kg7 $1 $15 34. Qxb7+ Bf7) 34. Qd8+ $11 Re8 $2 (34... Be8 $11 35. Qd5+ Bf7 36. Qd8+) 35. Qd2 $19 Qxf3 36. Nf4 Qe4+ 37. Ka1 $2 (37. Kc1 $17 {was the only chance.}) 37... b5 $19 38. Rf1 a5 39. h4 b4 40. h5 $2 (40. Rc1 Qe3 41. Qxe3 Rxe3 42. Rf1) 40... c3 $1 $19 (40... gxh5 41. g6 Bxg6 (41... Be6 $2 42. Nxh5 Qe5 43. Qh6 $18) 42. Nxg6 $14) 41. bxc3 Qc4 (41... gxh5 42. g6 Bc4 43. Nxh5 $11) 42. Rc1 {[%emt 0:00:03] [#]} bxc3 $1 ({Inferior is} 42... gxh5 43. g6 Be6 44. cxb4 (44. Nxh5 Rc8 $14) 44... Qxb4 45. Qxb4 axb4 46. Rc7 $16) 43. Rxc3 Re1+ $1 44. Kb2 Qxa2# 0-1

[Event "CCT Chessable Masters Place D-II 2024"]
[Site "Online"]
[Date "2024.02.01"]
[Round "1"]
[White "jefferyx"]
[Black "Bortnyk, Oleksandr"]
[Result "1-0"]
[ECO "C41"]
[WhiteElo "2658"]
[BlackElo "2646"]
[Annotator "ChessBase"]
[PlyCount "85"]
[EventDate "2024.01.12"]
[EventType "k.o."]
[EventCountry "NET"]
[SourceTitle "playchess.com"]
[Source "ChessBase"]
[SourceQuality "1"]
[TimeControl "600+2"]

1. e4 d6 2. d4 Nf6 3. Nc3 e5 4. Nf3 Nbd7 5. Bc4 Be7 6. O-O O-O 7. a4 a6 8. Re1 b6 9. b3 Bb7 10. Bb2 c6 11. Bd3 Qc7 12. Ne2 d5 13. dxe5 dxe4 14. Ng3 exd3 15. Nf5 Nd5 16. c4 Nc5 17. cxd5 cxd5 18. N3d4 Bc8 19. Rc1 Bxf5 20. Nxf5 Bg5 21. Qg4 d2 22. Nxg7 dxe1=Q+ 23. Rxe1 f6 24. Nf5 Nd3 25. Bd4 Kh8 26. e6 Qf4 27. Qxf4 Bxf4 28. Rd1 Nc5 29. e7 Rfe8 30. Bxf6+ Kg8 31. g3 Kf7 32. Bd4 Bc7 33. Re1 Nxb3 34. Nh6+ Kg6 35. Re6+ Kh5 36. Be3 d4 37. g4+ Kh4 38. f3 dxe3 39. Nf5+ Kg5 40. h4+ Kf4 41. Kg2 Nd2 42. Ng3 Nxf3 43. Re4# 1-0

[Event "CCT Chessable Masters Place D-II 2024"]
[Site "Online"]
[Date "2024.02.01"]
[Round "1"]
[White "Malakhov, Vladimir"]
[Black "Lysyj, Igor"]
[Result "1/2-1/2"]
[ECO "A07"]
[WhiteElo "2648"]
[BlackElo "2589"]
[Annotator "ChessBase"]
[PlyCount "73"]
[EventDate "2024.01.12"]
[EventType "k.o."]
[EventCountry "NET"]
[SourceTitle "playchess.com"]
[Source "ChessBase"]
[SourceQuality "1"]
[TimeControl "600+2"]

1. Nf3 Nf6 2. g3 d5 3. Bg2 e6 4. O-O Be7 5. d3 O-O 6. Nbd2 Nc6 7. d4 a5 8. Re1 b6 9. e4 dxe4 10. Nxe4 Nxe4 11. Rxe4 Bb7 12. Re1 Bf6 13. c3 Ne7 14. h4 a4 15. Bg5 Bxg5 16. hxg5 Ng6 17. Qd2 Ra5 18. b4 axb3 19. axb3 Bxf3 20. Bxf3 Rxg5 21. Bg2 h5 22. Ra8 Qf6 23. Rxf8+ Nxf8 24. d5 h4 25. dxe6 Nxe6 26. Re3 hxg3 27. fxg3 Re5 28. Rd3 Qg5 29. Qf2 Qc1+ 30. Bf1 g6 31. Kg2 Rf5 32. Qe2 Qg5 33. Kh2 Re5 34. Qf2 Rf5 35. Qe2 Re5 36. Qf2 Rf5 37. Qe2 1/2-1/2

[Event "CCT Chessable Masters Place D-II 2024"]
[Site "Online"]
[Date "2024.02.01"]
[Round "1"]
[White "Bortnyk, Oleksandr"]
[Black "jefferyx"]
[Result "1-0"]
[ECO "B10"]
[WhiteElo "2637"]
[BlackElo "2667"]
[Annotator "ChessBase"]
[PlyCount "89"]
[EventDate "2024.01.12"]
[EventType "k.o."]
[EventCountry "NET"]
[SourceTitle "playchess.com"]
[Source "ChessBase"]
[SourceQuality "1"]
[TimeControl "600+2"]

1. e4 c6 2. c4 d5 3. cxd5 cxd5 4. exd5 Nf6 5. Qa4+ Nbd7 6. Nc3 g6 7. Nf3 Bg7 8. Bc4 O-O 9. d3 a6 10. Qa3 b6 11. O-O Bb7 12. Re1 Re8 13. Be3 b5 14. Bb3 Ng4 15. Qb4 Nxe3 16. fxe3 a5 17. Qxb5 Ba6 18. Qc6 Bxd3 19. Ba4 Ra7 20. Nb5 Bxb5 21. Qxb5 Rf8 22. Rac1 Ne5 23. Nd4 Qd6 24. Re2 Raa8 25. Qc5 Rfb8 26. Qxd6 exd6 27. Rc7 Bf6 28. b3 Bd8 29. Rcc2 Bb6 30. h3 h5 31. Kf1 Kg7 32. Nc6 Re8 33. Bb5 h4 34. a4 Kf6 35. b4 axb4 36. Nxb4 Rh8 37. Nc6 Rh5 38. e4 Kg7 39. Ke1 Rg5 40. Kd1 Rg3 41. Nxe5 dxe5 42. d6 Ra3 43. Red2 Be3 44. Rd5 Bd4 45. d7 1-0

[Event "CCT Chessable Masters Place D-II 2024"]
[Site "Online"]
[Date "2024.02.01"]
[Round "1"]
[White "shimastream"]
[Black "Antipov, Mikhail Al."]
[Result "1-0"]
[ECO "A38"]
[WhiteElo "2630"]
[BlackElo "2604"]
[Annotator "ChessBase"]
[PlyCount "105"]
[EventDate "2024.01.12"]
[EventType "k.o."]
[EventCountry "NET"]
[SourceTitle "playchess.com"]
[Source "ChessBase"]
[SourceQuality "1"]
[TimeControl "600+2"]

1. Nf3 Nf6 2. c4 c5 3. g3 g6 4. Bg2 Bg7 5. Nc3 Nc6 6. d4 cxd4 7. Nxd4 Ng4 8. e3 Nge5 9. Qe2 O-O 10. O-O d6 11. Nxc6 Nxc6 12. Bd2 Be6 13. Rac1 Qd7 14. b3 Bh3 15. Rfd1 Bxg2 16. Kxg2 Bxc3 17. Bxc3 Qe6 18. Rd5 Rac8 19. Rcd1 b6 20. h4 f6 21. e4 Ne5 22. Re1 h5 23. a4 Kh7 24. a5 Rb8 25. axb6 Rxb6 26. b4 Rc8 27. c5 Rbc6 28. Bd4 dxc5 29. bxc5 Nd7 30. Qe3 R6c7 31. Ra1 Nb8 32. Qf3 Nc6 33. Bc3 Qg4 34. Qd3 Qe6 35. Qe2 Kg7 36. Rad1 Kf7 37. Qe3 Kg7 38. e5 f5 39. Rd6 Qg8 40. e6+ Kh7 41. Rd7 Qe8 42. Ba1 Qg8 43. Kh2 Nb8 44. Rxc7 Rxc7 45. Qe5 Rc8 46. Rd7 Nc6 47. Qd5 a5 48. Rb7 a4 49. Rb6 Qe8 50. Qd7 Na5 51. c6 a3 52. c7 Qf8 53. Rb8 1-0

[Event "CCT Chessable Masters Place D-II 2024"]
[Site "Online"]
[Date "2024.02.01"]
[Round "1"]
[White "Micki-taryan"]
[Black "KuzubovYuriy"]
[Result "1-0"]
[ECO "D36"]
[WhiteElo "2626"]
[BlackElo "2698"]
[Annotator "ChessBase"]
[PlyCount "105"]
[EventDate "2024.01.12"]
[EventType "k.o."]
[EventCountry "NET"]
[SourceTitle "playchess.com"]
[Source "ChessBase"]
[SourceQuality "1"]
[TimeControl "600+2"]

1. d4 Nf6 2. c4 e6 3. Nf3 d5 4. Nc3 Nbd7 5. cxd5 exd5 6. Qc2 c6 7. Bg5 Be7 8. e3 Nh5 9. Bxe7 Qxe7 10. Be2 g6 11. O-O O-O 12. a3 a5 13. Rac1 Nb6 14. Qb3 Qd8 15. Ne5 Ng7 16. Rfd1 Bf5 17. Bf1 Re8 18. Ne2 Rb8 19. Nf4 Nd7 20. Ned3 Ne6 21. Ne2 h5 22. Qc3 Nf6 23. Ne5 Ne4 24. Qe1 f6 25. Nd3 Ng7 26. b4 Nd6 27. Nc5 b6 28. Nb3 a4 29. Nd2 Rc8 30. h3 h4 31. Nf4 b5 32. Bd3 Bxd3 33. Nxd3 Rc7 34. Qe2 g5 35. Qf3 Kh7 36. Nc5 Rf7 37. e4 dxe4 38. Ndxe4 Nxe4 39. Nxe4 Re6 40. Nxg5+ fxg5 41. Qxf7 Rf6 42. Qa2 g4 43. hxg4 h3 44. Rc3 hxg2 45. Rh3+ Kg6 46. d5 Rd6 47. Qc2+ Kf7 48. Rdd3 Rxd5 49. Rdf3+ Ke7 50. Rh7 Rg5 51. Qe4+ Kd6 52. Rd3+ Rd5 53. Rxg7 1-0

[Event "CCT Chessable Masters Place D-II 2024"]
[Site "Online"]
[Date "2024.02.01"]
[Round "1"]
[White "Rakhmanov_Aleksandr"]
[Black "Vokhidov, Shamsiddin"]
[Result "0-1"]
[ECO "A20"]
[WhiteElo "2622"]
[BlackElo "2596"]
[Annotator "ChessBase"]
[PlyCount "104"]
[EventDate "2024.01.12"]
[EventType "k.o."]
[EventCountry "NET"]
[SourceTitle "playchess.com"]
[Source "ChessBase"]
[SourceQuality "1"]
[TimeControl "600+2"]

1. c4 e5 2. Nf3 e4 3. Nd4 Nc6 4. e3 Nxd4 5. exd4 Qf6 6. Nc3 Qxd4 7. Be2 Nf6 8. O-O Bb4 9. Nb5 Qb6 10. a3 Be7 11. d3 c6 12. Be3 Qd8 13. Nc3 d5 14. cxd5 Nxd5 15. Nxd5 Qxd5 16. dxe4 Qxe4 17. Bd3 Qh4 18. Re1 Be6 19. g3 Qf6 20. Qc2 h6 21. Rad1 O-O 22. Bd4 Qf3 23. Re3 Qh5 24. Re5 Qf3 25. Bh7+ Kh8 26. Be4 Qg4 27. f3 Qh3 28. g4 Bg5 29. Qf2 Rad8 30. Rf1 Bf6 31. Bc3 Bxe5 32. Bxe5 f5 33. Bb1 fxg4 34. Qc2 Bf5 35. Qc3 Rd7 36. Qc5 Rdf7 37. Ba2 gxf3 38. Rf2 Rd8 39. Bb3 Rfd7 40. Qc1 Kh7 41. Kh1 Be4 42. Bc3 Qf5 43. Qg1 Qg6 44. Qe1 b6 45. h3 Re8 46. Kh2 Bd5 47. Bc2 Rxe1 48. Bxg6+ Kxg6 49. Bxe1 Kf5 50. Bc3 g5 51. Kg3 h5 52. Rd2 h4+ 0-1

[Event "CCT Chessable Masters Place D-II 2024"]
[Site "Online"]
[Date "2024.02.01"]
[Round "1"]
[White "Antipov, Mikhail Al."]
[Black "shimastream"]
[Result "0-1"]
[ECO "B13"]
[WhiteElo "2604"]
[BlackElo "2621"]
[Annotator "ChessBase"]
[PlyCount "78"]
[EventDate "2024.01.12"]
[EventType "k.o."]
[EventCountry "NET"]
[SourceTitle "playchess.com"]
[Source "ChessBase"]
[SourceQuality "1"]
[TimeControl "600+2"]

1. e4 c6 2. d4 d5 3. exd5 cxd5 4. Bd3 Nc6 5. c3 Qc7 6. h3 e6 7. Nf3 Bd6 8. O-O Nf6 9. Re1 b6 10. Qe2 Bb7 11. Nbd2 O-O 12. Ne5 Rae8 13. h4 Kh8 14. a4 a5 15. Rb1 Ba8 16. b3 Ne7 17. Bb2 g6 18. c4 Bb4 19. Rbd1 Nh5 20. Qg4 Nf5 21. c5 bxc5 22. dxc5 f6 23. Bb5 Re7 24. c6 Kg7 25. Re2 fxe5 26. Bxe5+ Nf6 27. Qxb4 axb4 28. Bxc7 Rxc7 29. Rxe6 Nd4 30. Rd6 Bxc6 31. Rc1 Rfc8 32. Ba6 Bb7 33. Rxc7+ Rxc7 34. Bxb7 Rxb7 35. a5 Rc7 36. a6 Rc1+ 37. Kh2 Ng4+ 38. Kh3 Nxf2+ 39. Kh2 Rh1+ 0-1

[Event "CCT Chessable Masters Place D-II 2024"]
[Site "Online"]
[Date "2024.02.01"]
[Round "1"]
[White "Vokhidov, Shamsiddin"]
[Black "Rakhmanov_Aleksandr"]
[Result "1-0"]
[ECO "B01"]
[WhiteElo "2596"]
[BlackElo "2630"]
[Annotator "ChessBase"]
[PlyCount "99"]
[EventDate "2024.01.12"]
[EventType "k.o."]
[EventCountry "NET"]
[SourceTitle "playchess.com"]
[Source "ChessBase"]
[SourceQuality "1"]
[TimeControl "600+2"]

1. e4 d5 2. exd5 c6 3. dxc6 Nxc6 4. Nf3 e5 5. Nc3 Bc5 6. Bb5 Nge7 7. Nxe5 Bxf2+ 8. Kxf2 Qd4+ 9. Ke1 Qxe5+ 10. Qe2 Qd6 11. Bxc6+ Qxc6 12. Qb5 O-O 13. Qxc6 Nxc6 14. d3 Re8+ 15. Kd2 Nd4 16. Rf1 Bf5 17. b3 Bd7 18. Bb2 Bc6 19. Ne4 Bxe4 20. Bxd4 Bxg2 21. Rg1 Bf3 22. Rxg7+ Kf8 23. Rf1 Re2+ 24. Kc1 Bd5 25. Rxh7 Ke7 26. Rf2 Re1+ 27. Kd2 Rh1 28. h4 Rg8 29. Bxa7 Be6 30. Bd4 Rg4 31. Bf6+ Kd7 32. h5 Rgg1 33. Rh8 b5 34. Kc3 Rg4 35. a3 Kc6 36. h6 Rg6 37. Bg7 Rg5 38. Kb2 Rgg1 39. Rd8 Ra1 40. Rd4 Rhb1+ 41. Kc3 Rh1 42. Kb4 Rag1 43. Rff4 Rg2 44. Rh4 Rgh2 45. Bf6 Bf5 46. Rxh2 Rxh2 47. Rh4 Rf2 48. h7 Bxh7 49. Bd4 Rxc2 50. Rxh7 1-0

[Event "CCT Chessable Masters Place D-II 2024"]
[Site "Online"]
[Date "2024.02.01"]
[Round "1"]
[White "Lysyj, Igor"]
[Black "Malakhov, Vladimir"]
[Result "1-0"]
[ECO "D12"]
[WhiteElo "2589"]
[BlackElo "2648"]
[Annotator "ChessBase"]
[PlyCount "123"]
[EventDate "2024.01.12"]
[EventType "k.o."]
[EventCountry "NET"]
[SourceTitle "playchess.com"]
[Source "ChessBase"]
[SourceQuality "1"]
[TimeControl "600+2"]

1. d4 d5 2. c4 c6 3. Nf3 Nf6 4. e3 Bf5 5. Nc3 e6 6. Nh4 Bg6 7. Nxg6 hxg6 8. Bd2 Nbd7 9. cxd5 exd5 10. Qc2 Bd6 11. O-O-O Qe7 12. Bd3 O-O-O 13. h3 Kb8 14. Kb1 Rhe8 15. f3 Nb6 16. Bc1 Qc7 17. Rhe1 Re7 18. g4 Rde8 19. Qg2 g5 20. e4 Bf4 21. e5 Bxc1 22. Rxc1 a6 23. Qd2 Nfd7 24. a4 f6 25. exf6 Rxe1 26. Rxe1 Rxe1+ 27. Qxe1 Nxf6 28. a5 Nc8 29. Na4 Qf4 30. Qb4 Ka7 31. Nc5 Qc7 32. Qd2 Nd6 33. Ne6 Qe7 34. Nxg5 Nc4 35. Bxc4 dxc4 36. Ne4 Nxe4 37. Qe3 Qb4 38. fxe4 Qxa5 39. e5 Qa4 40. Kc1 Qa1+ 41. Kc2 Qa4+ 42. Kd2 Qa5+ 43. Ke2 Qb5 44. d5+ c5 45. Qc3 Qe8 46. e6 b5 47. Qxg7+ Kb6 48. Qe5 Qg6 49. d6 Qd3+ 50. Kf2 c3 51. bxc3 Qd2+ 52. Kg3 Qd3+ 53. Kh4 Qh7+ 54. Kg5 Qg8+ 55. Kh5 Qh7+ 56. Kg5 Qg8+ 57. Kh6 Qf8+ 58. Kh7 b4 59. cxb4 cxb4 60. e7 Qe8 61. Kh6 b3 62. d7 1-0

[Event "CCT Chessable Masters Place D-II 2024"]
[Site "Online"]
[Date "2024.02.01"]
[Round "1"]
[White "Sethu Madhav Upadhyayula"]
[Black "Grischuk, Alexander"]
[Result "1-0"]
[ECO "C65"]
[WhiteElo "1502"]
[BlackElo "2732"]
[Annotator "TA"]
[PlyCount "65"]
[EventDate "2024.01.12"]
[EventType "k.o."]
[EventCountry "NET"]
[SourceTitle "playchess.com"]
[Source "ChessBase"]
[SourceQuality "1"]
[TimeControl "600+2"]

1. e4 e5 2. Nf3 Nc6 3. Bb5 Nf6 4. d3 Bc5 5. O-O d6 6. c3 O-O 7. Re1 Bb6 8. a4 Ne7 9. d4 {[%emt 0:00:22] a5 is the strong threat. The position is equal.} c6 10. Bf1 Ng6 11. Nbd2 h6 12. Qc2 Be6 13. b4 a5 14. bxa5 Rxa5 15. Ba3 Re8 16. Rab1 d5 17. exd5 (17. Nxe5 Nxe5 18. Bb4 (18. dxe5 $2 Ng4 $19) 18... Nc4 19. Nxc4 dxc4 $14) 17... Bxd5 {[%emt 0:00:21] [#]} (17... cxd5 $14 18. Bb4 (18. Nxe5 Nxe5 19. Rxe5 Bc7 $11) (18. dxe5 Ng4 $11) 18... Ra8 19. Nxe5 Nxe5 20. Rxe5 (20. dxe5 Ng4 $15) 20... Bc7) 18. Nc4 $1 $16 (18. Nxe5 $2 Nxe5 19. Re2 (19. Rxe5 $2 Rxe5 20. dxe5 Ng4 $19) (19. dxe5 $2 Ng4 $19) 19... Ned7 20. Rxe8+ Qxe8 $19) (18. dxe5 Ng4 19. Ne4 Bxe4 (19... N4xe5 20. Nxe5 Rxe5 21. Ng3 $11) (19... N6xe5 20. Nd4 $15) 20. Rxe4 Nxf2 $17 (20... Bxf2+ $2 21. Kh1 $18)) 18... Bxc4 19. Bxc4 e4 20. Nd2 {[%emt 0:00:41][%cal Oc2b3,Bf3d2,Bd2f1,Bf1e3][%mdl 32] Black must now prevent Qb3!} Bc7 21. Rxb7 {[%emt 0:00:50][%cal Og2g3] Hoping for g3!} (21. Nxe4 Rxe4 22. Rxe4 Nxe4 23. Qxe4 Rxa4 $14) 21... Qc8 {[%emt 0:02:16] [#]} (21... Nf4 $16 {was worth a try.}) 22. Qb3 (22. Bxf7+ $1 $18 {is more deadly.} Kxf7 23. Qb3+ Nd5 (23... Rd5 $2 24. Bd6 $18) 24. Bd6 (24. Nxe4 Kg8 $11)) 22... Rd5 $2 {[%emt 0:00:08] This move loses the game for Black.} 23. Bxd5 $18 cxd5 24. Nf1 Nf4 25. Ne3 Ba5 26. Bc5 Qe6 $2 (26... Bxc3 27. Rb1 (27. Qxc3 Qxb7 28. h3 Ra8 $11) 27... Qe6) 27. Bb6 {[%emt 0:00:15] White is clearly winning.} Nd3 28. Rf1 Bxb6 29. Rxb6 Qc8 30. a5 Ng4 31. a6 Nxe3 32. fxe3 {[%emt 0:00:01][%cal Oa6a7] a7! would now be deadly.} Qc7 33. Rb7 {[%emt 0:00:03] Weighted Error Value: White=0.15 (very precise) /Black=0.57.  Loses game:     	---       	Black=1      Mistake:       	White=1     	Black=3      Inaccurate:     	---       	Black=1      OK:         	White=9     	Black=7      Best:        	White=2     	Black=1      Strong:       	White=1     	---} 1-0

[Event "CCT Chessable Masters Place D-II 2024"]
[Site "Online"]
[Date "2024.02.01"]
[Round "2"]
[White "Grischuk, Alexander"]
[Black "GMBenjaminBok"]
[Result "0-1"]
[ECO "D02"]
[WhiteElo "2732"]
[BlackElo "2617"]
[Annotator "TA"]
[PlyCount "78"]
[EventDate "2024.01.12"]
[EventType "k.o."]
[EventCountry "NET"]
[SourceTitle "playchess.com"]
[Source "ChessBase"]
[SourceQuality "1"]
[TimeControl "600+2"]

1. d4 Nf6 2. Bf4 d5 3. Nf3 e6 4. e3 c5 5. Nbd2 Qb6 6. Rb1 Bd6 7. dxc5 Qxc5 8. Bg5 {[%emt 0:00:01][%cal Bf4g5,Bg5h4,Bh4g3][%mdl 32] The position is equal.} Nbd7 9. c4 h6 10. Bh4 O-O 11. b4 {[%emt 0:01:13] Prevents b6} Qc7 12. c5 Be7 13. Bg3 e5 14. Qb3 a5 15. a3 axb4 16. axb4 Ne4 (16... b6 $15 17. cxb6 Qb8) 17. Nxe4 $11 dxe4 18. Nd2 b6 19. Be2 ({Better is} 19. Nc4 $14) 19... bxc5 $15 20. b5 {[%emt 0:00:01][%cal Ob5b6] [#]} Nb6 $1 21. O-O Be6 22. Qc3 Ra2 {[%emt 0:00:28] ...Rd8 is the strong threat.} 23. Rfd1 {[%emt 0:00:32] White is now going downhill.} (23. Ra1 $15 {is superior.} Rfa8 24. Rxa2 Rxa2 25. Ra1 Rxa1+ 26. Qxa1) 23... f6 {[%emt 0:00:35] Threatens to win with ...c4. Black is much more active.} 24. Bf1 {[%emt 0:00:34] [#]} (24. Bc4 $17 Nxc4 25. Nxc4) 24... c4 $1 $19 25. Nxe4 (25. Ra1 {might work better.} Rxa1 26. Rxa1) 25... Na4 26. Qc1 Ba3 27. Rd2 (27. Bxc4 $142 Qxc4 (27... Bxc1 28. Bxe6+ Kh7 29. Bxa2 $11) 28. Qxc4 Bxc4 29. h3) 27... Bxc1 28. Rxa2 c3 29. Rxa4 Bb2 {[%emt 0:00:03] White must now prevent ...c2.} 30. b6 Qc6 (30... Qxb6 31. Nxc3 Qb3 32. Ra2 $17) 31. Nxc3 Bxc3 32. Ra7 Rb8 33. Rc1 Qxb6 34. Ra6 Qb2 35. Rd1 Qc2 36. Rdd6 {[%emt 0:00:02] [#]} Rb1 $1 {[%emt 0:00:04] Black mates.} 37. h4 (37. Rd8+ Kh7) 37... Bc4 38. h5 Rxf1+ 39. Kh2 Bxa6 {[%emt 0:00:00] Weighted Error Value: White=0.76/Black=0.08 (flawless) .  Mistake:       	White=5     	Black=1      Inaccurate:     	White=4     	Black=1      OK:         	White=10    	Black=12     Best:        	---       	Black=3      Strong:       	---       	Black=2} 0-1

[Event "CCT Chessable Masters Place D-II 2024"]
[Site "Online"]
[Date "2024.02.01"]
[Round "2"]
[White "Grischuk, Alexander"]
[Black "GMBenjaminBok"]
[Result "1/2-1/2"]
[ECO "D02"]
[WhiteElo "2732"]
[BlackElo "2623"]
[Annotator "TA"]
[PlyCount "111"]
[EventDate "2024.01.12"]
[EventType "k.o."]
[EventCountry "NET"]
[SourceTitle "playchess.com"]
[Source "ChessBase"]
[SourceQuality "1"]
[TimeControl "600+2"]

1. d4 Nf6 2. Bf4 d5 3. Nf3 e6 4. e3 c5 5. c3 Bd6 6. Bd3 O-O 7. Ne5 Qc7 {[%emt 0:01:00] D02: 1 d4 d5 2 Nf3 sidelines, including 2...Nf6 3 g3 and 2...Nf6 3 Bf4.} 8. Nd2 b6 9. Qe2 a5 10. Bg5 $146 ({Predecessor:} 10. h4 Nbd7 11. Ndf3 Ne4 12. Ng5 Nxe5 13. dxe5 Bxe5 14. Nxe4 Bxf4 15. Ng5 h6 16. exf4 Qxf4 {1-0 Bluebaum,M (2669)-Keymer,V (2700) ChessKid Cup Div 3 L rapid 2023 (2.2)}) 10... Nfd7 11. f4 Ba6 12. O-O Bxd3 13. Nxd3 f6 14. Bh4 Nc6 15. Qg4 Rae8 16. Kh1 (16. a4 $11) 16... b5 17. a3 (17. dxc5 $11 {keeps the balance.} Nxc5 18. Nxc5 Bxc5 19. Qe2) 17... c4 $17 18. Nf2 Nb6 19. Nf3 Na4 20. f5 (20. Ra2 $17) 20... Qd7 ({Black should play} 20... Nxb2 $19 21. fxe6 f5) 21. fxe6 $17 Qxe6 22. Qxe6+ Rxe6 23. Nd1 Rfe8 24. Nd2 Ne7 25. Rb1 Nb6 26. Rf3 (26. g4 $17) 26... h5 27. h3 g5 28. Be1 Kg7 29. b3 Bxa3 30. bxc4 bxc4 (30... Nxc4 $19 {has better winning chances. ...Rb8 is the strong threat.} 31. Nxc4 bxc4) 31. Ra1 $17 Bd6 $1 ({Don't do} 31... g4 32. hxg4 hxg4 33. Rg3 $11) 32. Rxa5 Ra8 33. Rxa8 Nxa8 34. g4 hxg4 (34... h4 $17 35. Rf1 Kg6) 35. hxg4 $15 Nb6 36. Kg2 Kg6 37. Bg3 Bxg3 38. Kxg3 (38. Rxg3 $11 Nbc8 39. Kf2) 38... f5 $17 39. Rf1 Nbc8 (39... Nd7 $15 40. Re1 Nf6) 40. Kf3 {[%emt 0:00:03] [#]} (40. Nf3 $11) 40... fxg4+ $1 $17 41. Kxg4 Nd6 42. Kf3 (42. Rf8 $17) 42... Nef5 $19 43. Rg1 Rf6 $2 ({Better is} 43... Re8 $19 {...Kh5 would now be deadly.} 44. Re1 Kh5) 44. Ke2 $15 Re6 $2 (44... Rf8 $15 45. Nf2 Re8) 45. Kf3 $1 $19 Nh4+ ({Black should try} 45... Re8 $19 {And now ...Kh5 would win.} 46. Re1 Rf8) 46. Ke2 $17 {[%emt 0:00:03] [#]} Ndf5 (46... Kh5 $1 $17 {Hoping for ...Re8.} 47. Nf1 Re8 48. Ng3+ Kg6) 47. e4 $1 $11 dxe4 48. Nxc4 Nf3 49. Rg2 Ra6 50. Nde3 Ra2+ 51. Kd1 Nxe3+ 52. Nxe3 Ra1+ 53. Ke2 Ra2+ 54. Kd1 Ra1+ 55. Ke2 Ra2+ 56. Kd1 1/2-1/2